 Dungeon Crawl Stone Soup version 0.32-a0-329-ge6c31236d6 (webtiles) character file.

Game seed: 7232430048105600585

11 juan097 the Firebug (level 2, 0/20 HPs)
             Began as a Mountain Dwarf Fire Elementalist on Feb 16, 2024.
             Slain by a quokka (4 damage)
             ... on level 1 of the Dungeon.
             The game lasted 00:01:23 (143 turns).

juan097 the Firebug (MDFE)                           Turns: 143, Time: 00:01:23

Health: 0/20       AC:  2    Str: 10    XL:     2   Next: 17%
Magic:  0/5        EV: 11    Int: 15    God:
Gold:   0          SH:  0    Dex: 10    Spells: 4/5 levels left

rFire   . . .        (no weapon)
rCold   . . .        (no shield)
rNeg    . . .        a - +0 robe
rPois   .            (no helmet)
rElec   .            (no cloak)
rCorr   .            (no gloves)
SInv    .            (no boots)
Will    .....        (no amulet)
Stlth   ++           (no ring)
HPRegen 0.23/turn    (no ring)
MPRegen 0.09/turn

%: no passive effects
@: no status effects
A: runic magic, artefact enchanting
a: no special abilities


You were on level 1 of the Dungeon.
You visited 1 branch of the dungeon, and saw 1 of its levels.

Inventory:

Armour
 a - a +0 robe (worn)
Potions
 b - a potion of magic
 c - a potion of curing {unknown}


   Skills:
 - Level 1.3 Dodging
 + Level 1.6 Stealth
 - Level 2.0 Spellcasting
 + Level 1.2 Conjurations
 + Level 3.9 Fire Magic


You had 4 spell levels left.
You knew the following spells:

 Your Spells              Type           Power      Damage    Failure   Level
a - Foxfire               Conj/Fire      36%        2x1d5     8%          1

Your spell library contained the following spells:

 Spells                   Type           Power      Damage    Failure   Level
 Scorch                   Fire           26%        2d6       7%          2
 Inner Flame              Hex/Fire       7%         N/A       30%         3
 Volatile Blastmotes      Fire/Tloc      14%        2d11      30%         3
 Flame Wave               Conj/Fire      9%         2d6       61%         4


Dungeon Overview and Level Annotations

Branches:
Dungeon (1/15)

Altars:


Innate Abilities, Weirdness & Mutations

Your spellcasting is much less encumbered by armour.
You can use scrolls of enchantment on lesser artefacts.


Message History

The jackal attacks as it pursues you! The jackal misses you.
The jackal bites you but does no damage.
The jackal attacks as it pursues you! The jackal bites you.
The jackal barely misses you. The jackal barely misses you.
The jackal attacks as it pursues you!
The jackal bites you but does no damage.
A goblin comes into view. It is wielding a +0 club.
The jackal misses you.
A goblin comes into view. It is wielding a +0 club.
The goblin shouts!
A quokka comes into view.
The jackal attacks as it pursues you! The jackal closely misses you.
The jackal bites you but does no damage.
The goblin closely misses you. The quokka attacks as it pursues you!
The quokka bites you.
You see here a hobgoblin corpse.
The quokka attacks as it pursues you! The quokka bites you.
The jackal barely misses you. The quokka attacks as it pursues you!
The quokka bites you.
You are too injured to fight recklessly!
Casting: Foxfire (safe; 8% risk of failure)
Confirm with . or Enter, or press ? or * to list all spells.
You conjure some foxfire!
The foxfire hits the jackal.
The jackal is almost dead.
The quokka bites you.
* * * LOW HITPOINT WARNING * * *
The quokka barely misses you.
The foxfire hits the jackal but does no damage.
The jackal is almost dead.
The jackal barely misses you. x2; The quokka misses you.
The jackal barely misses you.
Casting: Foxfire (safe; 8% risk of failure)
Confirm with . or Enter, or press ? or * to list all spells.
You conjure some foxfire!
The jackal bites you.
* * * LOW HITPOINT WARNING * * *
The jackal bites you.
* * * LOW HITPOINT WARNING * * *
The quokka bites you.
You die...

........... ## #..........#
#..+..........# ##+#
..#..........# #...
............. . #...
#.......... .>##...
#.(.....#
.......#########hhr....# #
..#....#.).....v@rg....#..##
.......#.###########J?†.....
#...........J.r.h.........
#.##.#.....#######.....$..
##.##+#.#.#...# #........
..........###..# #........
........######.# #g.......
................. +........
........#########.#........


You could see an endoplasm, a quokka, 2 jackals, a goblin and a rat.

Vanquished Creatures
  A goblin (D:1)
  2 hobgoblins (D:1)
  2 jackals (D:1)
  A bat (D:1)
6 creatures vanquished.

Vanquished Creatures (others)
  13 foxfires (D:1)
13 creatures vanquished.

Grand Total: 19 creatures vanquished

Notes
Turn   | Place    | Note
-------+----------+-------------------------------------------
     0 | D:1      | juan097 the Mountain Dwarf Fire Elementalist began the
                  | quest for the Orb.
     0 | D:1      | Reached XP level 1. HP: 14/14 MP: 3/3
    83 | D:1      | Reached skill level 1 in Conjurations
   119 | D:1      | Reached XP level 2. HP: 20/20 MP: 1/5
   143 | D:1      | Slain by a quokka

Illustrated notes

Levels and vault maps discovered:
D:1:      lightli_iron_boxes, layout_basic,
          hellmonk_ecumenical_altar_crossroads, serial_shops,
          nicolae_shop_peninsula, grunt_decor_arrowhead, minmay_pentomino_z2

Skill      XL: |  1 |
---------------+----+-----
Conjurations   | 1 |  1.2
Spellcasting   | 2 |  2.0
Dodging        | |  1.3
Stealth        | |  1.6
Fire Magic     | |  3.9

Action                     || total
---------------------------++-------
  Melee: Unarmed           ||     3
   Cast: Foxfire           ||    10
 Armour: Robe              ||    19
  Dodge: Dodged            ||    16

Table legend: (Time is in decaauts)
 A = Elapsed time spent in this place.
 B = Non-inter-level travel time spent in this place.
 C = Inter-level travel time spent in this place.
 D = Time resting spent in this place.
 E = Time spent auto-exploring this place.
 F = Levels seen in this place.
 G = Mean time per level.
                   A        B        C        D        E       F      G
               +--------+--------+--------+--------+--------+-----+--------+
         Total |    143 |    143 |      0 |      0 |     86 |   1 |  143.0 |
       Dungeon |    143 |    143 |      0 |      0 |     86 |   1 |  143.0 |
               +--------+--------+--------+--------+--------+-----+--------+

Top non-repeatable levels by time:
     D:1: 143 daAuts
